 Dungeon Crawl Stone Soup version 0.19-a0-1697-g0595f0e (webtiles) character file.

1006 kae the Spear-Bearer (level 8, -5/58 HPs)
             Began as a Formicid Fighter on Sept 26, 2016.
             Killed from afar by a mottled dragon (7 damage)
             ... with a sticky flame
             ... on level 7 of the Dungeon.
             The game lasted 00:03:40 (4121 turns).

kae the Spear-Bearer (Formicid Fighter)             Turns: 4121, Time: 00:03:41

Health: -5/58      AC:  7    Str: 22    XL:     8   Next: 44%
Magic:  8/8        EV:  8    Int:  9    God:
Gold:   217        SH:  9    Dex: 10    Spells: 0 memorised, 7 levels left

rFire  . . .     SeeInvis +     b - +0 scythe
rCold  . . .     Gourm    .     v - +0 ring mail (curse)
rNeg   . . .     Faith    .     c - +0 shield
rPois  .         Spirit   .     (helmet unavailable)
rElec  .         Dismiss  .     g - +0 cloak
rCorr  .         Reflect  .     (no gloves)
MR     ++...     Harm     .     (no boots)
Stlth  ..........               (no amulet)
                                u - ring of protection from magic
                                i - ring of protection from magic

@: liquid flames, glowing
A: permanent stasis, dig shafts and tunnels, four strong arms, antennae 3
a: Dig, Shaft Self


You were on level 7 of the Dungeon.
You were not hungry.

You visited 2 branches of the dungeon, and saw 7 of its levels.

You collected 217 gold pieces.

Inventory:

Hand Weapons
 a - a +0 trident
 b - a +0 scythe (weapon)
Armour
 c - a +0 shield (worn)
 g - a +0 cloak (worn)
 v - a cursed +0 ring mail (worn)
Jewellery
 i - a ring of protection from magic (left hand)
 u - a ring of protection from magic (right hand)
Scrolls
 j - 2 scrolls of fear {unknown}
 m - a scroll of fog
 p - a scroll of blinking {unknown}
 q - 4 scrolls of remove curse
 y - a scroll of amnesia
Potions
 d - a potion of might
 e - 2 potions of invisibility {unknown}
 h - 2 potions of cancellation {unknown}
 k - 3 potions of magic
 l - a potion of lignification {unknown}
 n - 5 potions of curing
 o - a potion of degeneration {unknown}
 t - a potion of haste {unknown}
Books
 s - a book of Death

   Spells                             Type                      Level
   a - Corpse Rot                     Necromancy                   2
   b - Sublimation of Blood           Necromancy                   2
   c - Agony                          Necromancy                   5
   d - Dispel Undead                  Necromancy                   5
   e - Excruciating Wounds            Charms/Necromancy            5
   f - Bolt of Draining               Conjuration/Necromancy       5
 x - a book of Party Tricks

   Spells                             Type                      Level
   a - Summon Butterflies             Summoning                    1
   b - Apportation                    Translocation                1
   c - Tukima's Dance                 Hexes                        3
   d - Alistair's Intoxication        Transmutation/Poison         5
   e - Invisibility                   Hexes                        6
Comestibles
 f - 3 bread rations
 r - 2 meat rations


   Skills:
 - Level 3.2 Fighting
 + Level 9.5 Polearms
 - Level 3.2 Armour
 - Level 3.6 Shields


You had 7 spell levels left.
You didn't know any spells.

Dungeon Overview and Level Annotations

Branches:
Dungeon (5/15)             Temple (1/1) D:5

Altars:
Ashenzari
Cheibriados
Dithmenos
Elyvilon
Fedhas
Gozag
Qazlal
Ru
Sif Muna
Uskayaw
Vehumet
Xom
Yredelemnul
Zin
The Shining One
Lugonu


Innate Abilities, Weirdness & Mutations

You are under a permanent stasis effect.
You can dig through walls and to a lower floor.
Your four strong arms can wield two-handed weapons with a shield.
You have a pair of large antennae on your head. (SInv)


Message History

The mottled dragon breathes sticky fire at you.
The sticky flame hits you!
You are covered in liquid flames!
You hit the mottled dragon.
The mottled dragon is almost dead.
You are covered in liquid flames!
* * * LOW HITPOINT WARNING * * *
The mottled dragon closely misses you. You block the mottled dragon's attack.
Unknown command.
You closely miss the mottled dragon.
The mottled dragon is almost dead.
You are covered in liquid flames!
* * * LOW HITPOINT WARNING * * *
The mottled dragon bites you.
* * * LOW HITPOINT WARNING * * *
The mottled dragon claws you but does no damage.
The mottled dragon breathes sticky fire at you.
The sticky flame hits you!
You are covered in liquid flames!
You die...

# #.#......# #
#.#......# #
#.#......#
####.######.####...
................... #
.......####.######+
#.#
.......+.............
.......####.######.#
.......# #.....@..#
.......# #######D##
.......# ..# .......#
.... ######## ....#
.....# #....# ....#


You could see a mottled dragon.

Vanquished Creatures
  Sigmund (D:5)
  Menkaure (D:5)
  Edmund (D:4)
  A black bear (D:7)
  A centaur (D:7)
  A crimson imp (D:4)
  An orc wizard (D:3)
  A bullfrog skeleton (D:7)
  Terence (D:2)
  An iguana (D:4)
  Ijyb (D:2)
  4 worker ants
  3 gnolls (D:7)
  3 adders
  A shadow imp (D:7)
  An ooze (D:1)
  4 worms
  A dart slug (D:2)
  3 leopard geckos
  7 orcs
  4 giant cockroaches
  6 goblins
  4 hobgoblins
  13 jackals
  5 quokkas
  8 bats
  4 frilled lizards
  13 kobolds
  A quokka skeleton (D:5)
  5 rats
101 creatures vanquished.

Notes
Turn   | Place    | Note
-------+----------+-------------------------------------------
     0 | D:1      | kae the Formicid Fighter began the quest for the Orb.
     0 | D:1      | Reached XP level 1. HP: 18/18 MP: 1/1
    91 | D:1      | Reached XP level 2. HP: 22/24 MP: 2/2
   214 | D:1      | Reached skill level 3 in Polearms
   482 | D:1      | Reached XP level 3. HP: 29/29 MP: 3/3
   884 | D:2      | Noticed Ijyb
   885 | D:2      | Found a faded altar of an unknown god.
   892 | D:2      | Killed Ijyb
   892 | D:2      | Reached skill level 4 in Polearms
   892 | D:2      | Reached XP level 4. HP: 33/35 MP: 4/4
   946 | D:2      | Found a glowing silver altar of Zin.
   946 | D:2      | Found a glowing golden altar of the Shining One.
   955 | D:2      | Found a white marble altar of Elyvilon.
  1119 | D:2      | Noticed Terence
  1135 | D:2      | Killed Terence
  1406 | D:2      | Found an opulent altar of Gozag.
  1458 | D:2      | Reached XP level 5. HP: 41/41 MP: 5/5
  1770 | D:2      | Reached skill level 5 in Polearms
  1856 | D:3      | Found a deep blue altar of Sif Muna.
  1916 | D:3      | Found a snail-covered altar of Cheibriados.
  1954 | D:3      | Found a shadowy altar of Dithmenos.
  2028 | D:3      | Found a sacrificial altar of Ru.
  2342 | D:3      | Reached XP level 6. HP: 47/47 MP: 6/6
  2438 | D:4      | Reached skill level 6 in Polearms
  2697 | D:4      | Noticed Edmund
  2715 | D:4      | Killed Edmund
  2715 | D:4      | Reached skill level 7 in Polearms
  2715 | D:4      | Reached XP level 7. HP: 18/52 MP: 7/7
  3380 | D:5      | Entered Level 5 of the Dungeon
  3380 | D:5      | Noticed Sigmund
  3387 | D:5      | Killed Sigmund
  3387 | D:5      | Reached skill level 8 in Polearms
  3408 | D:5      | Found a stormy altar of Qazlal.
  3467 | D:5      | Noticed Menkaure
  3472 | D:5      | Killed Menkaure
  3472 | D:5      | Reached XP level 8. HP: 58/58 MP: 8/8
  3609 | D:5      | Found a staircase to the Ecumenical Temple.
  3695 | Temple   | Entered the Ecumenical Temple
  3826 | D:5      | You fall through a shaft for 2 floors!
  3832 | D:7      | Reached skill level 9 in Polearms
  4121 | D:7      | HP: 2/58 [mottled dragon (4)]
  4121 | D:7      | Killed from afar by a mottled dragon

Vault maps used:
D:1:      dpeg_arrival_radiant
D:2:      good_gods_mini_temple, nicolae_gozag_seed_capital, ecumenical_altar_2,
          first_bread, minmay_hedge_maze, uniq_iyjb, uniq_terence
D:3:      minitemple, nicolae_ru_great_annihilating_truth, lemuel_crystal_altar
D:4:      kennysheep_potato, uniq_edmund
D:5:      lemuel_round_altar, serial_shops, kennysheep_mini_moat,
          nicolae_dithmenos_through_a_glass_darkly, uniq_sigmund, uniq_menkaure
D:7:      minmay_opposing_rooms, bloody_makhleb
Temple:   corrupted_temple

Skill      XL: |  1  2  3  4  5  6  7  8 |
---------------+-------------------------+-----
Polearms       | 3 4 5 7 8 9 |  9.5
Fighting       | |  3.2
Armour         | |  3.2
Shields        | |  3.6

Action                   |  1- 3 |  4- 6 |  7- 9 || total
-------------------------+-------+-------+-------++-------
Melee: Trident           |    64 |   263 |    44 ||   371
       Scythe            |       |       |    54 ||    54
  Use: Scroll            |     4 |     5 |       ||     9
       Potion            |       |       |     1 ||     1
 Stab: Paralysed         |       |     2 |       ||     2
  Eat: Chunk             |       |     5 |     1 ||     6
       Meat ration       |       |       |     1 ||     1
Armor: Scale mail        |     8 |    68 |       ||    76
       Ring mail         |     6 |     4 |    39 ||    49
Dodge: Dodged            |    10 |    61 |    32 ||   103
Block: Shield            |    20 |   106 |    39 ||   165
